 Dungeon Crawl Stone Soup version 0.29-a0-520-gc852659d43 (webtiles) character file.

Game seed: 6678830617396571470

98 xian the Conjurer (level 4, -1/33 HPs)
             Began as a Draconian Conjurer on May 31, 2022.
             Slain by Grinder (9 damage)
             ... on level 3 of the Dungeon.
             The game lasted 00:05:52 (2772 turns).

xian the Conjurer (Draconian Conjurer)              Turns: 2772, Time: 00:05:52

Health: -1/33      AC:  5    Str:  9    XL:     4   Next: 43%
Magic:  3/8        EV: 12    Int: 21    God:
Gold:   81         SH:  0    Dex:  9    Spells: 1/8 levels left

rFire   + . .      SeeInvis .   d - +1 dagger (drain)
rCold   x . .      Faith    .   q - orb {light}
rNeg    . . .      Spirit   .   (body armour unavailable)
rPois   .          Reflect  .   (helmet restricted)
rElec   .          Harm     .   (no cloak)
rCorr   .          Rampage  .   (no gloves)
Will    .....                   (no boots)
Stlth   +.........              (no amulet)
HPRegen 0.11/turn               h - ring of fire
MPRegen 0.11/turn               i - ring of flight

@: flying, glowing
A: AC +5, unfitting armour, cold-blooded
a: no special abilities


You were on level 3 of the Dungeon.
You visited 1 branch of the dungeon, and saw 3 of its levels.

You collected 81 gold pieces.

Inventory:

Hand Weapons
 d - a +1 dagger of draining (weapon)
Missiles
 s - 2 datura-tipped darts
Armour
 n - the +5 scale mail "Emuen" {rC+ Int+8 Dex-4}
   (You found it on level 2 of the Dungeon)

   Int:       It affects your intelligence (+8).
   Dex:       It affects your dexterity (-4).
   rC:        It protects you from cold.
 q - an orb of light (worn)
Jewellery
 h - a ring of fire (left hand)
 i - a ring of flight (right hand)
Scrolls
 b - 2 scrolls of identify {unknown}
 f - a scroll of noise {unknown}
 g - a scroll of teleportation {unknown}
 j - a scroll of enchant armour {unknown}
 o - a scroll of blinking {unknown}
Potions
 c - 2 potions of lignification {unknown}
 e - a potion of attraction {unknown}
 k - a potion of ambrosia {unknown}
 l - a potion of heal wounds
 m - a potion of resistance {unknown}
 p - a potion of cancellation {unknown}
 r - a potion of haste {unknown}


   Skills:
 + Level 0.1 Fighting
 + Level 0.1 Short Blades
 + Level 2.0 Dodging
 + Level 2.2 Stealth
 + Level 2.7 Spellcasting
 + Level 5.1 Conjurations


You had one spell level left.
You knew the following spells:

 Your Spells              Type           Power      Damage    Failure   Level
a - Magic Dart            Conj           96%        1d7       1%          1
b - Searing Ray           Conj           48%        2d6       2%          2
c - Iskenderun's Mystic   Conj/Tloc      13%        2d5       43%         4

Your spell library contained the following spells:

 Spells                   Type           Power      Damage    Failure   Level
 Dazzling Flash           Conj/Hex       26%        N/A       14%         3
 Fulminant Prism          Conj/Hex       6%         3d7       43%         4


Dungeon Overview and Level Annotations

Branches:
Dungeon (3/15)

Altars:

Annotations:
D:3 Grinder


Innate Abilities, Weirdness & Mutations

Your plain brown scales are hard. (AC +5)
You cannot fit into any form of body armour.
You are cold-blooded and may be slowed by cold attacks.


Message History

Confirm with . or Enter, or press ? or * to list all spells.
Aiming: Searing Ray (safe; 2% risk of failure)
Press: ? - help, Shift-Dir - straight line, f - orc wizard
Aim: an orc wizard, wielding a +0 dagger and wearing a +0 robe (heavily wounded, haloed, 80% to hit)
The searing ray hits the orc wizard but does no damage.
The orc wizard is heavily wounded. (Press . to maintain the ray.)
The orc wizard hits you with a +0 dagger.
The searing ray hits the orc wizard.
The orc wizard is almost dead.
A giant cockroach comes into view.
The orc wizard points at you and mumbles some strange words.
You resist with some effort.
The searing ray hits the orc wizard.
You kill the orc wizard!
There is a stone staircase leading up, spattered with blood here.
You fly upwards.
Level annotation: Grinder Grinder blinks!
There is a stone staircase leading down, spattered with blood here.
You see here a +0 whip.
Grinder gestures at you.
You suddenly lose the ability to move!
Grinder gestures at you.
You shrug off the repeated paralysis!
Grinder gestures at you. Pain shoots through your body!
You can move again.
You see here 30 stones.
You see here a +0 whip.
Grinder hits you.
There is a stone staircase leading down, spattered with blood here.
You can't go up here!
Grinder hits you.
You writhe in agony.
* * * LOW HITPOINT WARNING * * *
You fly downwards.
The giant cockroach misses you.
There is a stone staircase leading up, spattered with blood here.
The giant cockroach bites you but does no damage.
Grinder hits you!
You die...

##....<###
..).......
....$....#
.........#
.........#
.........#
.........#
........@####
.......5B...#
##.....####..#
#..... )#
#..?.. ..
#..... #.
.$.....
##....? ####..


You could see Grinder and a giant cockroach.

Vanquished Creatures
  An orc wizard (D:3)
  An adder (D:2)
  3 worms (D:2)
  2 dart slugs
  4 orcs (D:2)
  2 ball pythons (D:1)
  5 bats (D:2)
  5 endoplasms
  A giant cockroach (D:1)
  3 goblins
  6 hobgoblins
  2 quokkas
  5 frilled lizards
  3 kobolds
  4 rats
47 creatures vanquished.

Notes
Turn   | Place    | Note
-------+----------+-------------------------------------------
     0 | D:1      | xian the Draconian Conjurer began the quest for the Orb.
     0 | D:1      | Reached XP level 1. HP: 14/14 MP: 3/3
   155 | D:1      | Reached XP level 2. HP: 6/20 MP: 0/5
   414 | D:1      | Found a faded altar of an unknown god.
  1321 | D:2      | Reached XP level 3. HP: 26/26 MP: 3/6
  1498 | D:2      | Identified the +5 scale mail "Emuen" {rC+ Int+8 Dex-4}
  2509 | D:2      | Reached skill level 5 in Conjurations
  2565 | D:3      | Noticed Grinder
  2571 | D:2      | Reached XP level 4. HP: 21/33 MP: 3/7
  2580 | D:2      | Learned a level 2 spell: Searing Ray
  2585 | D:2      | Learned a level 4 spell: Iskenderun's Mystic Blast
  2763 | D:2      | Paralysed by Grinder for 5 turns
  2772 | D:3      | Slain by Grinder

Illustrated notes

Levels and vault maps discovered:
D:1:      lemuel_arrival_muddy, layout_loops_ring,
          hellmonk_ecumenical_altar_run_dry
D:2:      layout_loops_corners
D:3:      layout_rooms, uniq_grinder, uniq_terence, uniq_robin, uniq_jessica

Skill      XL: |  1  2  3 |
---------------+----------+-----
Stealth        | 2 |  2.2
Dodging        | 2 |  2.0
Conjurations   | 5 |  5.1
Fighting       | |  0.1
Short Blades   | |  0.1
Spellcasting   | |  2.7

Action                   |  1- 3 |  4- 6 || total
-------------------------+-------+-------++-------
Melee: Dagger            |    17 |     6 ||    23
       Tailslap          |     2 |       ||     2
 Cast: Magic Dart        |    99 |     6 ||   105
       Searing Ray       |       |     4 ||     4
  Use: Potion            |       |     2 ||     2
Armor: Skin              |     5 |     2 ||     7
Dodge: Dodged            |    28 |     9 ||    37

Table legend: (Time is in decaauts)
 A = Elapsed time spent in this place.
 B = Non-inter-level travel time spent in this place.
 C = Inter-level travel time spent in this place.
 D = Time resting spent in this place.
 E = Time spent auto-exploring this place.
 F = Levels seen in this place.
 G = Mean time per level.
                   A        B        C        D        E       F      G
               +--------+--------+--------+--------+--------+-----+--------+
         Total |   2779 |   2718 |     61 |    177 |   2214 |   3 |  926.3 |
       Dungeon |   2779 |   2718 |     61 |    177 |   2214 |   3 |  926.3 |
               +--------+--------+--------+--------+--------+-----+--------+

Top non-repeatable levels by time:
     D:2: 1445 daAuts
     D:1: 1294 daAuts
     D:3: 39 daAuts
